 Dungeon Crawl Stone Soup version 0.20.0-15-g7f486f2 (webtiles) character file.

1045 skittles the Conjurer (level 8, -5/57 HPs)
             Began as a White Draconian Fire Elementalist on June 9, 2017.
             Slain by geeseburger's ghost (14 damage)
             ... on level 5 of the Dungeon.
             The game lasted 00:17:26 (6914 turns).

skittles the Conjurer (DrFE)                        Turns: 6914, Time: 00:17:27

Health: -5/57      AC:  9    Str: 14    XL:     8   Next: 4%
Magic:  10/14      EV: 12    Int: 17    God:
Gold:   172        SH:  0    Dex: 12    Spells: 7/15 levels left

rFire    . . .     SeeInvis .   w - +2 flail (drain)
rCold    + . .     Gourm    .   (no shield)
rNeg     + . .     Faith    .   (armour unavailable)
rPois    .         Spirit   .   (helmet restricted)
rElec    .         Reflect  .   y - +0 cloak
rCorr    .         Harm     .   r - +1 pair of gloves {Str+3}
MR       .....                  (no boots)
Stlth    +.........             (no amulet)
Regen    0.2/turn               (no ring)
MPRegen  0.2/turn               n - ring of positive energy

@: confused
A: breathe frost, unfitting armour, cold resistance 1, cold-blooded, AC +6
a: Breathe Frost


You were on level 5 of the Dungeon.
You were not hungry.

You visited 1 branch of the dungeon, and saw 5 of its levels.

You collected 172 gold pieces.

Inventory:

Hand Weapons
 q - a +0 spear
 w - a +2 flail of draining (weapon)
 x - a +2 quarterstaff of chaos
Armour
 r - a +1 pair of gloves of strength (worn)
 v - a +0 buckler
 y - a +0 cloak (worn)
Jewellery
 n - a ring of positive energy (right hand)
Wands
 B - a wand of flame (19/48)
Scrolls
 d - 2 scrolls of remove curse
 e - 2 scrolls of recharging {unknown}
 f - a scroll of fear {unknown}
 g - 2 scrolls of teleportation {unknown}
 h - a scroll of enchant armour {unknown}
 j - a scroll of enchant weapon {unknown}
 k - 3 scrolls of identify {unknown}
 o - a scroll of magic mapping {unknown}
 u - a scroll of blinking {unknown}
Potions
 c - 2 potions of ambrosia
 i - a potion of invisibility {unknown}
 l - a potion of heal wounds {unknown}
 m - a potion of mutation {unknown}
 p - 2 potions of curing {unknown}
 t - 2 potions of might {unknown}
 A - a potion of brilliance {unknown}
Books
 a - a book of Flames

   Spells                             Type                      Level
   a - Flame Tongue                   Conjuration/Fire             1
   b - Throw Flame                    Conjuration/Fire             2
   c - Conjure Flame                  Conjuration/Fire             3
   d - Inner Flame                    Hexes/Fire                   3
   e - Sticky Flame                   Conjuration/Fire             4
   f - Fireball                       Conjuration/Fire             5
Comestibles
 b - 2 bread rations
 s - 2 meat rations
 z - 2 royal jellies
 C - 5 chunks of flesh


   Skills:
 - Level 1.7 Dodging
 - Level 1.7 Stealth
 + Level 4.0 Spellcasting
 + Level 6.5 Conjurations
 - Level 5.0 Fire Magic


You had 7 spell levels left.
You knew the following spells:

 Your Spells              Type           Power        Failure   Level  Hunger
a - Flame Tongue          Conj/Fire      ###..        1%          1    None
b - Conjure Flame         Conj/Fire      ###.....     4%          3    ###....
c - Sticky Flame          Conj/Fire      ###.....     14%         4    ####...


Dungeon Overview and Level Annotations

Branches:
Dungeon (5/15)
 Temple: D:4-7

Altars:
Hepliaklqana
Makhleb
Qazlal
The Shining One

Annotations:
D:5 geeseburger's ghost, novice MfGl


Innate Abilities, Weirdness & Mutations

You can breathe waves of freezing cold.
You can buffet flying creatures when you breathe cold.
Your icy white scales are hard. (AC +6)
You cannot fit into any form of body armour.
Your flesh is cold resistant. (rC+)
You are cold-blooded and may be slowed by cold attacks.


Message History

Aim: geeseburger's ghost, wielding a weapon of protection (flame, severely damaged)
The flame tongue misses geeseburger's ghost.
Geeseburger's ghost closely misses you.
Casting: Flame Tongue
Confirm with . or Enter, or press ? or * to list all spells.
Aiming: Flame Tongue
Press: ? - help, Shift-Dir - straight line, f/p - geeseburger's ghost
Aim: geeseburger's ghost, wielding a weapon of protection (flame, severely damaged)
The flame tongue hits geeseburger's ghost.
Geeseburger's ghost appears unharmed.
Geeseburger's ghost is severely damaged.
Geeseburger's ghost is engulfed in blazing flames.
Geeseburger's ghost hits you!
* * * LOW HITPOINT WARNING * * *
It was a potion of ambrosia.
You are confused.
You feel invigorated.
Geeseburger's ghost is engulfed in blazing flames.
Geeseburger's ghost hits you!
You die...

#.# #.. #.# #.# . .[# #.#
.# #.# #.# #'## #.# #.#
#...# #.# #.# #..... ..#
##.## #......
#.#########...####.......
.............).)@W.......
#.#########...####.......
#.# #..## #...... #.#
#.## #..... #.# #.# #...#
#.# #.# #'## ..# ... .#
.## .# # .#


You could see geeseburger's ghost.

Vanquished Creatures
  Sigmund (D:3)
  An orc warrior (D:3)
  2 ogres (D:5)
  A centaur (D:5)
  A howler monkey (D:4)
  2 hounds (D:4)
  A quasit (D:5)
  Crazy Yiuf (D:3)
  2 orc priests (D:3)
  2 iguanas
  The ghost of dscm the Digger, a weakling OpEE (D:4)
  Robin (D:2)
  7 gnolls
  7 adders
  An ooze (D:1)
  2 worms
  3 dart slugs
  4 leopard geckos
  13 orcs
  6 bats
  5 giant cockroaches
  17 goblins
  9 hobgoblins
  9 jackals
  2 kobolds (D:1)
  A quokka (D:2)
  6 frilled lizards
  A leopard gecko zombie (D:5)
  A quokka skeleton (D:4)
  5 rats
115 creatures vanquished.

Notes
Turn   | Place    | Note
-------+----------+-------------------------------------------
     0 | D:1      | skittles the Draconian Fire Elementalist began the quest for the Orb.
     0 | D:1      | Reached XP level 1. HP: 14/14 MP: 3/3
   182 | D:1      | Reached XP level 2. HP: 13/20 MP: 1/5
   465 | D:1      | Reached skill level 2 in Conjurations
  1243 | D:2      | Reached XP level 3. HP: 25/26 MP: 0/6
  1680 | D:2      | Learned a level 3 spell: Conjure Flame
  1843 | D:2      | Reached XP level 4. HP: 33/33 MP: 3/7
  1977 | D:2      | Reached skill level 3 in Conjurations
  2766 | D:3      | Noticed Robin
  3015 | D:2      | Killed Robin
  3015 | D:2      | Reached XP level 5. HP: 10/38 MP: 0/8
  3713 | D:3      | Noticed Sigmund
  3742 | D:3      | Killed Sigmund
  3742 | D:3      | Reached skill level 4 in Conjurations
  3742 | D:3      | Reached skill level 5 in Fire Magic
  3742 | D:3      | Reached XP level 6. HP: 20/45 MP: 4/9
  3907 | D:3      | Noticed an orc warrior
  3984 | D:3      | Killed an orc warrior
  4377 | D:3      | Reached skill level 5 in Conjurations
  4625 | D:3      | Found a stormy altar of Qazlal.
  4648 | D:3      | Your scales start taking on an icy white colour.
  4648 | D:3      | Reduced skill Fire Magic to level 5
  4648 | D:3      | Reached XP level 7. HP: 36/50 MP: 0/10
  4648 | D:3      | Gained mutation: Your flesh is cold resistant. (rC+) [White Draconian growth]
  4865 | D:3      | Found a runed door.
  4896 | D:3      | Learned a level 4 spell: Sticky Flame
  4918 | D:3      | Noticed Crazy Yiuf
  4940 | D:3      | Killed Crazy Yiuf
  5257 | D:4      | Noticed dscm's ghost (weakling OpEE)
  5534 | D:4      | Killed dscm's ghost
  5866 | D:4      | Found a glowing golden altar of the Shining One.
  5985 | D:4      | Found a burning altar of Makhleb.
  6240 | D:5      | Entered Level 5 of the Dungeon
  6400 | D:5      | Found a hazy altar of Hepliaklqana.
  6405 | D:5      | Reached skill level 6 in Conjurations
  6750 | D:5      | Reached XP level 8. HP: 45/57 MP: 8/14
  6902 | D:5      | Noticed geeseburger's ghost (novice MfGl)
  6914 | D:5      | Slain by geeseburger's ghost

Skill      XL: |  1  2  3  4  5  6  7 |
---------------+----------------------+-----
Conjurations   | 2 3 4 5 6 |  6.5
Fire Magic     | 4 5 5 |  5.0
Spellcasting   | 4 |  4.0
Dodging        | |  1.7
Stealth        | |  1.7

Action                   |  1- 3 |  4- 6 |  7- 9 || total
-------------------------+-------+-------+-------++-------
Melee: Unarmed           |    40 |       |       ||    40
       Tailslap          |     9 |    13 |     8 ||    30
       Dagger            |    59 |    13 |       ||    72
       Spear             |       |   173 |    20 ||   193
       Flail             |       |    16 |   100 ||   116
       Quarterstaff      |       |       |     7 ||     7
 Cast: Flame Tongue      |    34 |    77 |    23 ||   134
       Conjure Flame     |       |     5 |     5 ||    10
       Sticky Flame      |       |       |     3 ||     3
  Use: Scroll            |     1 |       |       ||     1
       Potion            |       |       |     1 ||     1
 Stab: Sleeping          |     3 |     3 |     2 ||     8
       Distracted        |       |     1 |       ||     1
  Eat: Chunk             |     4 |    11 |     8 ||    23
Armor: Skin              |    56 |    56 |    68 ||   180
Dodge: Dodged            |   128 |   109 |   124 ||   361
